 Dungeon Crawl Stone Soup version 0.25.0-11-g1f837a76a1 (webtiles) character file.

Game seed: 8836804392277031433

115 Curus the Chopper (level 5, -2/45 HPs)
             Began as a Hill Orc Fighter on June 26, 2020.
             Killed from afar by Natasha (10 damage)
             ... with a magic dart
             ... on level 2 of the Dungeon.
             The game lasted 00:06:42 (837 turns).

Curus the Chopper (Hill Orc Fighter)                 Turns: 837, Time: 00:06:42

Health: -2/45      AC:  8    Str: 19    XL:     5   Next: 0%
Magic:  5/5        EV:  7    Int:  8    God:
Gold:   20         SH:  9    Dex: 11    Spells: 4/4 levels left

rFire    . . .     SeeInvis .   a - +0 war axe
rCold    . . .     Gourm    .   c - +0 kite shield
rNeg     . . .     Faith    .   b - +0 scale mail
rPois    .         Spirit   .   e - +0 helmet
rElec    .         Reflect  .   (no cloak)
rCorr    .         Harm     .   (no gloves)
MR       .....                  (no boots)
Stlth    ..........             (no amulet)
HPRegen  0.15/turn              (no ring)
MPRegen  0.09/turn              (no ring)

@: no status effects
A: no striking features
a: no special abilities


You were on level 2 of the Dungeon.
You were not hungry.

You visited 1 branch of the dungeon, and saw 2 of its levels.

You collected 20 gold pieces.

Inventory:

Hand Weapons
 a - a +0 war axe (weapon)
Armour
 b - a +0 scale mail (worn)
 c - a +0 kite shield (worn)
 e - a +0 helmet (worn)
Potions
 d - 2 potions of might
Comestibles
 f - 3 rations


   Skills:
 - Level 3.6 Fighting
 + Level 6.6 Axes
 - Level 3.2 Armour
 - Level 3.2 Shields


You had 4 spell levels left.
You didn't know any spells.
Your spell library was empty.

Dungeon Overview and Level Annotations

Branches:
Dungeon (2/15)

Altars:
Cheibriados

Annotations:
D:2 Natasha, Robin


Message History

You miss the adder. You slash the goblin!
You kill the goblin!
You feel sick.
You are no longer poisoned.
Natasha growls.
Natasha claws you.
* * * LOW HITPOINT WARNING * * *
The adder bites you but does no damage. Robin throws the goblin at you!
You closely miss Natasha.
Natasha is severely wounded.
You slash the goblin!
You kill the goblin!
You hit the adder.
You kill the adder!
You have reached level 5!
You feel stronger.
The white imp disappears in a puff of smoke!
Natasha casts a spell at you. The magic dart hits you!
You die...

#.. .. .... ##.. ....###
.#.# g.g.... ...#
...S...##... ..g....#.)# ...
......[#@# #.... ......gh.##
...... ......g5g5### ......
....!.......###.#....
.#.....)?............ ##
....#...$............
##_#####...##.....#††...##..
#≈≈≈#.. .#.<#.....##....#
≈≈≈≈≈.## #........##.....#


You could see an iron imp (summoned), Robin, Natasha, a shadow imp (summoned), a
hobgoblin (strong) and a goblin (strong).

Vanquished Creatures
  Natasha (D:2)
  3 adders (D:2)
  A worm (D:2)
  3 leopard geckos (D:1)
  5 bats (D:1)
  7 giant cockroaches
  11 goblins
  4 hobgoblins
  9 kobolds
  A ball python (D:2)
  3 frilled lizards
  2 rats (D:1)
50 creatures vanquished.

Notes
Turn   | Place    | Note
-------+----------+-------------------------------------------
     0 | D:1      | Curus the Hill Orc Fighter began the quest for the Orb.
     0 | D:1      | Reached XP level 1. HP: 19/19 MP: 1/1
    27 | D:1      | Reached skill level 3 in Axes
    71 | D:1      | Reached XP level 2. HP: 26/26 MP: 2/2
   120 | D:1      | Reached skill level 4 in Axes
   351 | D:1      | Reached XP level 3. HP: 25/31 MP: 3/3
   545 | D:1      | Reached skill level 5 in Axes
   741 | D:2      | Found a snail-covered altar of Cheibriados.
   748 | D:2      | Noticed Natasha
   759 | D:2      | Killed Natasha
   759 | D:2      | Reached XP level 4. HP: 38/39 MP: 4/4
   772 | D:2      | Reached skill level 6 in Axes
   813 | D:2      | Noticed Natasha
   815 | D:2      | Noticed Robin
   837 | D:2      | Reached XP level 5. HP: 8/45 MP: 5/5
   837 | D:2      | Killed from afar by Natasha

Illustrated notes

Levels and vault maps discovered:
D:1:      mainiacjoe_arrival_reflecting_pool, layout_basic
D:2:      layout_rooms, nicolae_dithmenos_shadow_blocks, kennysheep_slug_shrine,
          uniq_natasha, uniq_robin

Skill      XL: |  1  2  3  4 |
---------------+-------------+-----
Axes           | 3 4 5 6 |  6.6
Fighting       | |  3.6
Armour         | |  3.2
Shields        | |  3.2

Action                   |  1- 3 |  4- 6 || total
-------------------------+-------+-------++-------
Melee: War axe           |    97 |    44 ||   141
  Use: Potion            |     2 |       ||     2
Armor: Scale mail        |    71 |    41 ||   112
Dodge: Dodged            |    34 |    29 ||    63
Block: Kite shield       |    49 |    34 ||    83
